 Dungeon Crawl Stone Soup version 0.22-a0-430-g6609fc6 (webtiles) character file.

102519 KristoblXynda the Carver (level 15, -4/126 HPs)
             Began as a Yellow Draconian Gladiator on May 26, 2018.
             Was the Champion of Qazlal.
             Slain by a wolf spider (8 damage)
             ... on level 3 of the Lair of Beasts.
             The game lasted 01:14:10 (32684 turns).

KristoblXynda the Carver (DrGl)                    Turns: 32684, Time: 01:14:11

Health: -4/126     AC: 17    Str: 21    XL:     15   Next: 86%
Magic:  19/24      EV: 19    Int: 13    God:    Qazlal [******]
Gold:   1646       SH: 25    Dex: 16    Spells: 20/26 levels left

rFire    . . .     SeeInvis .   J - +6 scimitar (flame)
rCold    . . .     Gourm    .   E - +0 shield
rNeg     + . .     Faith    .   (armour unavailable)
rPois    .         Spirit   .   b - +2 hat
rElec    .         Reflect  +   O - +2 cloak
rCorr    +         Harm     .   p - +1 pair of gloves
MR       ++...     Clarity  +   B - +1 pair of boots
Stlth    +.........             C - +3 amulet of reflection
HPRegen  0.31/turn              g - ring "Ylaloj" {rN+ Dex+2}
MPRegen  0.19/turn              x - +4 ring of strength

@: protected from physical damage, corroded, repel missiles
A: spit acid, acid resistance, unfitting armour, clarity, magic resistance 1,
acidic bite, cold-blooded, AC +9
a: Breathe Acid, Upheaval, Elemental Force, Disaster Area, Renounce Religion


You were on level 3 of the Lair of Beasts.
You worshipped Qazlal.
Qazlal was exalted by your worship.
You were not hungry.

You visited 7 branches of the dungeon, and saw 27 of its levels.
You also visited: Labyrinth, Ossuary and Ice Cave.

You collected 2686 gold pieces.
You spent 1040 gold pieces at shops.

Inventory:

Hand Weapons
 h - a +4 executioner's axe of freezing
 J - a +6 scimitar of flaming (weapon)
Missiles
 c - 4 throwing nets (quivered)
Armour
 b - a +2 hat (worn)
 p - a +1 pair of gloves (worn)
 B - a +1 pair of boots (worn)
 E - a +0 shield (worn)
 O - a +2 cloak (worn)
Jewellery
 g - the ring "Ylaloj" (left hand) {rN+ Dex+2}
   (You found it in an ice cave)

   [ring of dexterity]

   It affects your dexterity (+2).
   It protects you from negative energy.
 x - a +4 ring of strength (right hand)
 C - a +3 amulet of reflection (around neck)
 P - a +1 ring of slaying
Wands
 k - a wand of clouds (14)
 v - a wand of paralysis (18)
 y - a wand of iceblast (5)
 z - a wand of acid (9)
 S - a wand of scattershot (2)
Scrolls
 j - 11 scrolls of remove curse
 m - 6 scrolls of amnesia
 n - 2 scrolls of fear
 r - 4 scrolls of fog
 A - 10 scrolls of teleportation
 G - 7 scrolls of magic mapping
 H - a scroll of identify
 N - 3 scrolls of immolation
Potions
 a - 6 potions of haste
 e - 3 potions of invisibility
 f - 6 potions of curing
 l - 3 potions of resistance
 t - 4 potions of ambrosia
 u - a potion of lignification
 w - 4 potions of cancellation
 R - a potion of agility
 T - a potion of might
Miscellaneous
 i - a lamp of fire
 o - a fan of gales
 D - a phial of floods
Comestibles
 d - 18 rations
 q - 3 chunks of flesh


   Skills:
 - Level 10.0 Fighting
 - Level 14.2 Long Blades
 - Level 2.0 Throwing
 + Level 10.4 Dodging
 + Level 13.6 Shields
 + Level 6.4 Spellcasting
 + Level 5.1 Conjurations
 - Level 10.0 Invocations
 - Level 10.0 Evocations


You had 20 spell levels left.
You knew the following spells:

 Your Spells              Type           Power        Failure   Level  Hunger
a - Iron Shot             Conj/Erth      ##........   100%        6    #######

Your spell library contained the following spells:

 Spells                   Type           Power        Failure   Level  Hunger
 Apportation              Tloc           #.....       19%         1    None
 Lightning Bolt           Conj/Air       ##........   88%         5    ######.
 Bolt of Magma            Conj/Fire/Erth #.........   95%         5    ######.
 Confuse                  Hex            #.......     50%         3    ###....
 Invisibility             Hex            #.......     100%        6    #######
 Throw Frost              Conj/Ice       ##....       10%         2    #......
 Venom Bolt               Conj/Pois      ##........   88%         5    ######.
 Summon Small Mammal      Summ           #...         19%         1    None
 Animate Skeleton         Necr           N/A          19%         1    None
 Freeze                   Ice            #...         19%         1    None
 Summon Ice Beast         Ice/Summ       #.......     88%         4    ####...
 Ozocubu's Armour         Chrm/Ice       #.......     50%         3    ###....
 Call Imp                 Summ           #.......     28%         2    #......
 Tukima's Dance           Hex            #.......     50%         3    ###....
 Stone Arrow              Conj/Erth      ##....       21%         3    ###....
 Shock                    Conj/Air       ##..         7%          1    None
 Swiftness                Chrm/Air       #.......     28%         2    #......
 Spider Form              Tmut/Pois      #.........   50%         3    ###....
 Blade Hands              Tmut           #.........   99%         5    ######.
 Ice Form                 Ice/Tmut       #.......     88%         4    ####...
 Throw Icicle             Conj/Ice       ##......     54%         4    ####...
 Airstrike                Air            #.........   88%         4    ####...
 Confusing Touch          Hex            #.....       19%         1    None
 Sticks to Snakes         Tmut           #.......     28%         2    #......
 Call Canine Familiar     Summ           #.......     50%         3    ###....
 Ensorcelled Hibernation  Hex/Ice        #.....       28%         2    #......
 Summon Butterflies       Summ           #.......     19%         1    None
 Static Discharge         Conj/Air       ##......     21%         3    ###....
 Corona                   Hex            #......      19%         1    None
 Alistair's Intoxication  Tmut/Pois      #.......     99%         5    ######.
 Orb of Destruction       Conj           ###.......   100%        7    #######
 Leda's Liquefaction      Hex/Erth       #.........   88%         4    ####...
 Beastly Appendage        Tmut           #.....       19%         1    None
 Iskenderun's Battlesphe  Conj/Chrm      ##......     88%         5    ######.
 Dazzling Spray           Conj/Hex       ##....       21%         3    ###....
 Summon Lightning Spire   Summ/Air       #.......     88%         4    ####...
 Summon Guardian Golem    Hex/Summ       #.......     50%         3    ###....
 Spellforged Servitor     Conj/Summ      ##........   100%        7    #######
 Lesser Beckoning         Tloc           #.........   50%         3    ###....


Dungeon Overview and Level Annotations

Branches:
Dungeon (15/15)            Temple (1/1) D:6            Lair (6/6) D:9
 Shoals (0/4) Lair:4       Spider (1/4) Lair:3        Slime (1/5) Lair:5
    Orc (2/2) D:12            Elf (0/3) Orc:2        Vaults (0/5) D:13
 Depths (1/5) D:15

Altars:
Ashenzari
Cheibriados
Dithmenos
Elyvilon
Fedhas
Gozag
Hepliaklqana
Kikubaaqudgha
Makhleb
Nemelex Xobeh
Okawaru
Qazlal
Ru
Sif Muna
Trog
Uskayaw
Vehumet
Wu Jian
Xom
Yredelemnul
Zin
The Shining One
Beogh

Shops:
D:7 (   D:14 (   Orc:2 }*(%

Portals:
Pandemonium: Orc:2
Ziggurat: Depths:1

Annotations:
D:3 George's ghost, amateur MiFi


Innate Abilities, Weirdness & Mutations

You can spit globs of acid.
You are resistant to acid.
Your golden yellow scales are hard. (AC +9)
You cannot fit into any form of body armour.
You have acidic saliva.
You are cold-blooded and may be slowed by cold attacks.
You possess an exceptional clarity of mind.
You are resistant to hostile enchantments. (MR+)


Message History

You block the wolf spider's attack. The wolf spider bites you.
* * * LOW HITPOINT WARNING * * *
Unknown command.
You hit the wolf spider but do no damage.
You tail-slap the wolf spider, but do no damage.
The wolf spider is almost dead.
The wolf spider is engulfed in freezing vapours.
You block the wolf spider's attack. The wolf spider barely misses you.
The wolf spider hits you!
* * * LOW HITPOINT WARNING * * *
You block the wolf spider's attack.
You feel better.
The wolf spider is engulfed in freezing vapours.
You block the wolf spider's attack.
The wolf spider bites you but does no damage.
The wolf spider hits you!!
* * * LOW HITPOINT WARNING * * *
You feel more protected from physical attacks.
The wolf spider bites you!
You die...

##########........#.## #...
##.##.#.##.^....#^....### #...
#...........#...^...#...######...
...........##^..#.#.##...##P##...
#......<..###^...^^.#............
#.........###....##.##...[##P#...
#...#.+.#.##..≈≈≈§≈.##########...
.####..#...##.§s†s§^## #... ##
##.######.'.@†+..# ##.# ###.#
#.#†###.## ##. #...# ###########
## # #...# #.....########### #
#.### #.......#....#... ####.##
### #....##........†.
......###.## ##.....##..##.....
###........#####......####.###...
# ##.####.............# #####...


You could see 2 wolf spiders.

Vanquished Creatures
  A fire giant (D:15)
  A stone giant (Orc:2)
  An entropy weaver (Spider:1)
  A minotaur (Lab)
  An ettin (D:15)
  6 hydras
  A rakshasa (D:15)
  Harold (D:10)
  Erica (D:11)
  A catoblepas (Lair:2)
  4 centaur warriors
  2 tengu warriors
  7 two-headed ogres
  3 orc high priests (Orc:2)
  A sun demon (Orc:2)
  A gelid demonspawn (Orc:2)
  2 unseen horrors
  A deep elf archer (D:13)
  7 orc knights
  An orb spider (Lair:3)
  10 orc sorcerers
  4 deep elf magi
  A manticore (D:13)
  A wolf spider (Lair:3)
  7 elephants
  A merfolk siren (Lair:4)
  16 ugly things
  2 cyclopes
  2 slime creatures (D:15)
  3 ice statues (IceCv)
  A rust devil (Orc:2)
  Maurice (D:9)
  4 black mambas
  4 gargoyles
  25 spiny frogs
  10 komodo dragons
  4 yaktaurs (D:13)
  3 kobold demonologists
  3 rime drakes (Lair:6)
  A demonic crawler (Lair:3)
  A redback zombie (D:14)
  A troll (D:15)
  A red devil (Orc:2)
  A hellwing (Orc:2)
  2 polar bears
  2 hornets
  Prince Ribbit (D:7)
  A hornet (shapeshifter) (D:14)
  12 hippogriffs
  4 tyrant leeches (Lair:6)
  30 blink frogs
  A vampire (D:13)
  8 tarantellas
  A ynoxinul (Orc:2)
  9 redbacks
  2 wyverns
  32 yaks
  A wraith (D:14)
  5 basilisks
  Grum (D:11)
  13 vampire mosquitoes
  4 hungry ghosts
  A chaos spawn (Orc:2)
  A steam dragon (Lair:6)
  Menkaure (D:7)
  2 wargs (Orc:2)
  2 acid dragons
  8 porcupines
  8 water moccasins
  31 orc warriors
  2 phantoms (D:4)
  A swamp drake (Lair:6)
  A black bear (D:6)
  6 ice beasts (IceCv)
  3 boggarts (D:15)
  A necrophage (D:11)
  An eye of draining (D:9)
  7 ogres
  8 wolves
  21 centaurs
  11 crocodiles
  4 big kobolds
  24 bullfrogs
  A wyvern zombie (D:8)
  A gnoll sergeant (D:8)
  2 wyvern skeletons
  4 scorpions
  5 killer bees
  5 wights (D:11)
  3 electric eels
  5 howler monkeys
  9 crimson imps
  7 centaur zombies
  4 bullfrog zombies
  4 hounds
  8 jellies
  A quasit (D:10)
  3 human zombies (Ossuary)
  4 centaur skeletons
  2 bullfrog skeletons
  24 orc priests
  A gnoll shaman (D:6)
  19 orc wizards
  Ijyb (D:4)
  2 iguanas
  9 worker ants
  2 big kobold zombies (Ossuary)
  A hound zombie (D:5)
  A hound skeleton (D:8)
  3 mummies (Ossuary)
  2 worker ant zombies (D:8)
  11 gnolls
  2 howler monkey skeletons
  14 adders
  4 shadow imps
  2 oozes
  5 adder zombies
  2 adder skeletons
  8 worms
  3 dart slugs
  6 leopard geckos
  76 orcs
  14 bats
  13 giant cockroaches
  19 goblins
  6 hobgoblins
  7 jackals
  4 quokkas
  6 frilled lizards
  A gnoll zombie (Ossuary)
  4 goblin zombies
  4 hobgoblin zombies (Ossuary)
  4 jackal zombies
  9 kobolds
  3 kobold zombies (Ossuary)
  3 orc zombies (Ossuary)
  A quokka skeleton (D:5)
  6 quokka zombies
  10 rats
  3 rat zombies
  A butterfly (Lair:4)
808 creatures vanquished.

Vanquished Creatures (others)
  2 centaur warriors (D:13)
  A cyclops (D:11)
  2 yaktaurs
  An orc warrior (D:8)
  A centaur (D:15)
  An orc priest (Orc:1)
  An orc (Orc:1)
  7 fungi
  29 plants
45 creatures vanquished.

Grand Total: 853 creatures vanquished

Notes
Turn   | Place    | Note
-------+----------+-------------------------------------------
     0 | D:1      | KristoblXynda the Draconian Gladiator began the quest for the Orb.
     0 | D:1      | Reached XP level 1. HP: 17/17 MP: 1/1
    47 | D:1      | Reached XP level 2. HP: 7/24 MP: 2/2
   607 | D:1      | Reached XP level 3. HP: 24/29 MP: 3/3
  1062 | D:2      | Reached skill level 4 in Long Blades
  1225 | D:2      | Reached XP level 4. HP: 36/36 MP: 4/4
  2286 | D:2      | Reached XP level 5. HP: 10/41 MP: 5/5
  2577 | D:2      | Reached skill level 5 in Long Blades
  2953 | D:3      | Found an iron altar of Okawaru.
  3092 | D:3      | Noticed George's ghost (amateur MiFi)
  3683 | D:4      | Noticed an ogre
  3694 | D:4      | Killed an ogre
  3694 | D:4      | Reached XP level 6. HP: 37/48 MP: 6/6
  3810 | D:4      | Noticed Ijyb
  3849 | D:4      | Killed Ijyb
  3849 | D:4      | Reached skill level 6 in Long Blades
  4737 | D:4      | Reached skill level 1 in Evocations
  4737 | D:4      | Your scales start taking on a golden yellow colour.
  4737 | D:4      | Reached XP level 7. HP: 41/55 MP: 7/7
  4817 | D:5      | Entered Level 5 of the Dungeon
  5179 | D:5      | Reached skill level 7 in Long Blades
  5869 | D:6      | Reached skill level 5 in Dodging
  6262 | D:6      | Found a snail-covered altar of Cheibriados.
  6427 | D:6      | Reached XP level 8. HP: 45/61 MP: 8/10
  6527 | D:6      | Reached skill level 8 in Long Blades
  6682 | D:6      | Found a staircase to the Ecumenical Temple.
  6805 | Temple   | Entered the Ecumenical Temple
  6915 | Temple   | Became a worshipper of Qazlal Stormbringer
  7426 | D:7      | Noticed a hippogriff
  7437 | D:7      | Killed a hippogriff
  7635 | D:7      | Noticed Prince Ribbit
  7649 | D:7      | Killed Prince Ribbit
  7649 | D:7      | Reached skill level 9 in Long Blades
  7947 | D:7      | Found Qotiwk's Weapon Emporium.
  7947 | D:7      | Noticed Menkaure
  7951 | D:7      | HP: 3/61 [Menkaure (14)]
  7953 | D:7      | Killed Menkaure
  7953 | D:7      | Reached XP level 9. HP: 35/67 MP: 12/12
  8555 | D:8      | Found a sand-covered staircase.
  8559 | D:8      | Reached * piety under Qazlal
  8564 | Ossuary  | Entered an ossuary
  8743 | Ossuary  | Reached ** piety under Qazlal
  8983 | D:8      | Reached skill level 5 in Evocations
  9322 | D:8      | Reached skill level 1 in Invocations
  9351 | D:8      | Reached skill level 10 in Long Blades
 10090 | D:8      | Noticed a two-headed ogre
 10103 | D:8      | Killed a two-headed ogre
 10103 | D:8      | Reached XP level 10. HP: 64/73 MP: 14/14
 10256 | D:8      | Reached *** piety under Qazlal
 10335 | D:8      | Noticed a two-headed ogre
 10341 | D:8      | Killed a two-headed ogre
 10815 | D:9      | Noticed an elephant
 10879 | D:9      | Found a staircase to the Lair.
 10899 | D:9      | Reached skill level 5 in Invocations
 11076 | D:9      | Reached skill level 11 in Long Blades
 11078 | D:9      | Noticed Maurice
 11104 | D:9      | Killed Maurice
 11451 | D:9      | Noticed a red ugly thing
 11738 | D:9      | Killed a red ugly thing
 11738 | D:9      | Reached XP level 11. HP: 79/79 MP: 10/16
 12171 | D:10     | Entered Level 10 of the Dungeon
 12202 | D:10     | Noticed Harold
 12543 | D:10     | Noticed a two-headed ogre
 12729 | D:10     | Killed a two-headed ogre
 12941 | D:10     | Reached **** piety under Qazlal
 13436 | D:10     | Killed Harold
 13844 | D:11     | Noticed Grum
 13867 | D:11     | Killed Grum
 14225 | D:11     | Learned a level 6 spell: Iron Shot
 14286 | D:11     | Noticed a two-headed ogre
 14291 | D:11     | Killed a two-headed ogre
 14329 | D:11     | Reached skill level 12 in Long Blades
 14372 | D:11     | Noticed a cyan ugly thing
 14393 | D:11     | Killed a cyan ugly thing
 14418 | D:11     | Noticed Erica
 14423 | D:11     | Killed Erica
 14441 | D:11     | Reached XP level 12. HP: 85/85 MP: 18/18
 14785 | D:11     | Noticed a tengu warrior
 14800 | D:11     | Killed a tengu warrior
 15746 | D:12     | Found a staircase to the Orcish Mines.
 15840 | D:12     | Reached skill level 10 in Dodging
 16323 | D:12     | Got a coiled pewter ring
 16454 | D:13     | Reached skill level 1 in Shields
 16457 | D:13     | Noticed a centaur warrior
 16465 | D:13     | Noticed a two-headed ogre
 16476 | D:13     | Killed a centaur warrior
 16521 | D:13     | Reached skill level 10 in Evocations
 16538 | D:13     | Reached ***** piety under Qazlal
 16610 | D:12     | Killed a two-headed ogre
 16675 | D:12     | Identified the ring "Qaelytza" {rN+ Int+4} (You found it on level 12 of the Dungeon)
 17357 | D:13     | Noticed a two-headed ogre
 17364 | D:13     | Killed a two-headed ogre
 17567 | D:13     | Reached skill level 10 in Invocations
 17642 | D:13     | Noticed a centaur warrior
 17658 | D:13     | Killed a centaur warrior
 17658 | D:13     | Reached skill level 13 in Long Blades
 17880 | D:13     | Reached XP level 13. HP: 99/99 MP: 20/20
 17936 | D:13     | Reached skill level 5 in Shields
 17943 | D:13     | Found a gate to the Vaults.
 18307 | D:14     | Reached skill level 5 in Fighting
 18361 | D:14     | Found Uklot's Weapon Emporium.
 18397 | D:14     | Found a labyrinth entrance.
 18416 | Lab      | Entered a labyrinth
 18837 | Lab      | Noticed a minotaur
 18848 | Lab      | Gained mutation: Your large and strong wings let you fly indefinitely. [potion of mutation]
 18848 | Lab      | Gained mutation: You tend to lose your temper in combat. [potion of mutation]
 18848 | Lab      | Gained mutation: Your tail ends in a poisonous barb. [potion of mutation]
 18861 | Lab      | Killed a minotaur
 18897 | Lab      | Identified the Collected Works on the Rocks
 18901 | Lab      | Got a brightly glowing gossamer ring
 18910 | Lab      | Identified the ring "Quil" {*Tele Int+2} (You found it in a labyrinth)
 19499 | D:14     | Found a shattered altar of Ashenzari.
 19811 | D:15     | Entered Level 15 of the Dungeon
 20542 | D:15     | Lost mutation: You tend to lose your temper in combat. [potion of mutation]
 20542 | D:15     | Lost mutation: Your tail ends in a poisonous barb. [potion of mutation]
 20542 | D:15     | Gained mutation: You have an increased reservoir of magic. (+10% MP) [potion of mutation]
 20542 | D:15     | Gained mutation: You are robust. (+10% HP) [potion of mutation]
 20651 | D:15     | Found a glowing golden altar of the Shining One.
 20871 | D:15     | Found a staircase to the Depths.
 20872 | D:15     | Noticed a fire giant
 20892 | D:15     | Killed a fire giant
 21631 | Lair:1   | Entered Level 1 of the Lair of Beasts
 21645 | Lair:1   | Gained mutation: You have acidic saliva. [Yellow Draconian growth]
 21645 | Lair:1   | Reached XP level 14. HP: 124/124 MP: 23/23
 21686 | Lair:1   | Reached skill level 14 in Long Blades
 22212 | Lair:1   | You fall through a shaft!
 22224 | Lair:2   | Reached skill level 10 in Shields
 22238 | Lair:2   | Reached ****** piety under Qazlal
 23437 | Lair:3   | Reached skill level 1 in Spellcasting
 24229 | Lair:3   | Found a hole to the Spider Nest.
 24398 | Spider:1 | Entered Level 1 of the Spider Nest
 24437 | Lair:4   | Found a staircase to the Shoals.
 25844 | Lair:5   | Found a staircase to the Slime Pits.
 26187 | Slime:1  | Entered Level 1 of the Pits of Slime
 26341 | Lair:6   | Entered Level 6 of the Lair of Beasts
 26403 | Lair:6   | Lost mutation: You have an increased reservoir of magic. (+10% MP) [potion of mutation]
 26403 | Lair:6   | Lost mutation: Your large and strong wings let you fly indefinitely. [potion of mutation]
 26403 | Lair:6   | Gained mutation: You possess an exceptional clarity of mind. [potion of mutation]
 26403 | Lair:6   | Gained mutation: You are resistant to hostile enchantments. (MR+) [potion of mutation]
 26587 | Lair:6   | Reached XP level 15. HP: 110/138 MP: 22/22
 26971 | Lair:6   | Reached skill level 10 in Fighting
 27011 | Lair:6   | Found the +4 arc blade {discharge, rElec}
 27043 | Lair:6   | Reached skill level 1 in Conjurations
 28493 | Orc:1    | Entered Level 1 of the Orcish Mines
 28688 | Orc:2    | Entered Level 2 of the Orcish Mines
 28693 | Orc:2    | Found a frozen archway.
 28719 | IceCv    | Entered an ice cave
 28943 | IceCv    | Got a scorched lapis lazuli ring
 28946 | IceCv    | Identified the ring "Ylaloj" {rN+ Dex+2} (You found it in an ice cave)
 29022 | Orc:2    | Reached skill level 5 in Spellcasting
 29554 | Orc:2    | Found Diuxi's Food Shop.
 29596 | Orc:2    | Found Fauzu's General Store.
 29714 | Orc:2    | HP: 6/138 [stone giant (37)]
 30967 | Orc:2    | Found a roughly hewn altar of Beogh.
 31261 | Orc:2    | Found a staircase to the Elven Halls.
 31388 | Orc:2    | Paralysed by an orc sorcerer for 5 turns
 31393 | Orc:2    | Found Cezoov's Antique Weapon Emporium.
 31393 | Orc:2    | Found Feenup's Gadget Shoppe.
 31393 | Orc:2    | Found a one-way gate leading to the halls of Pandemonium.
 31394 | Orc:2    | Lost mutation: You are robust. (+10% HP) [a neqoxec]
 31403 | Orc:2    | Bought a wand of clouds (4) for 240 gold pieces
 31403 | Orc:2    | Bought a lamp of fire for 400 gold pieces
 31403 | Orc:2    | Bought a fan of gales for 400 gold pieces
 31743 | Depths:1 | Entered Level 1 of the Depths
 31745 | Depths:1 | Found a gateway to a ziggurat.
 32641 | Spider:1 | Reached skill level 5 in Conjurations
 32684 | Lair:3   | HP: 4/126 [wolf spider (22)]
 32684 | Lair:3   | Slain by a wolf spider

Vault maps used:
D:1:      dpeg_arrival_stone_temple_mockup, minmay_tromino_i2
D:2:      minmay_misc_feat_tiny, grunt_ministairs_9, minmay_goblin_outpost
D:3:      first_ration, okawaru_trees_2
D:4:      kennysheep_the_goblin_king
D:6:      black_bear_nest_1, lemuel_doored_altar, minmay_temple_entry_mist
D:7:      serial_shops, shop, uniq_menkaure, uniq_prince_ribbit1
D:8:      minmay_quarter_circles, enter_ossuary_4
D:9:      david_lair_generic, uniq_maurice
D:10:     uniq_harold
D:11:     grunt_tengu_nest, uniq_grum, uniq_erica
D:12:     orc_0_dummy
D:13:     hangedman_vaults_entry_quadrant_bands
D:14:     lab_entry_generic, minmay_misc_feat_doors, serial_shops,
          nicolae_shop_behind_doors, nicolae_ashenzari_panopticon
D:15:     grunt_enter_depths_giant_problem, tso_altar, grunt_ministairs_14
Temple:   nicolae_temple_the_god_donut
Lair:1:   minivault_26
Lair:3:   nicolae_spider_entry_orb_guardian, serial_bayou_shore_a
Lair:4:   minmay_shoals_entry_lonely_mermaid, grunt_megastairs_2,
          lemuel_fruit_fields, infiniplex_staircase_pool
Lair:5:   dpeg_slime_entry_corner, serial_bayou_crossing, lemuel_fruit_tree
Lair:6:   minmay_lair_end_frog_pond, serial_bayou_pond_a,
          hangedman_lair_unloving_vines, st_stairs_13, minivault_23,
          guppyfry_lair_drakes
Spider:1: nicolae_crawler_farm
Slime:1:  nicolae_slime_ancient_tower_intersection
Orc:2:    pf_orc_diabolical, portal_ice_cave_entry_pillars_1,
          minmay_orc_temple_b
Depths:1: enter_ziggurat_d, grunt_hell_entry_dis_old, marbit_kobold_abyss_entry,
          lemuel_round_altar, minivault_16, grunt_tough_drop
Lab:      nicolae_lab_dead_adventurers, nicolae_lab_very_dead_end,
          nicolae_lab_checkerboard, nicolae_lab_plus, nicolae_lab_lava,
          nicolae_lab_dead_end, nicolae_lab_t_cross, lab_block
Ossuary:  minmay_ossuary_two_tombs
IceCv:    ice_cave_statue_garden_chambered

Skill      XL: |  1  2  3  4  5  6  7  8  9 10 11 12 13 14 15 |
---------------+----------------------------------------------+-----
Throwing       | 2 |  2.0
Dodging        | 3 4 5 6 7 8 9 10 | 10.4
Long Blades    | 4 5 6 7 9 10 11 12 13 14 | 14.2
Evocations     | 1 2 4 6 7 9 10 | 10.0
Invocations    | 3 6 8 10 | 10.0
Shields        | 4 9 12 13 | 13.6
Fighting       | 4 7 9 10 | 10.0
Spellcasting   | 4 6 |  6.4
Conjurations   | 5 |  5.1

Action                   |  1- 3 |  4- 6 |  7- 9 | 10-12 | 13-15 || total
-------------------------+-------+-------+-------+-------+-------++-------
Melee: Long sword        |    68 |   263 |   465 |   487 |       ||  1283
       Tailslap          |    10 |    40 |   101 |   171 |   273 ||   595
       Scimitar          |       |       |       |   261 |  1362 ||  1623
       Bite              |       |       |       |       |   138 ||   138
Throw: Throwing net      |       |     1 |       |       |       ||     1
Invok: Upheaval          |       |       |       |     1 |       ||     1
       Disaster Area     |       |       |       |       |     1 ||     1
 Abil: Breathe Acid      |       |       |    11 |    15 |     2 ||    28
Evoke: Wand              |       |       |     2 |    14 |    20 ||    36
  Use: Scroll            |       |     6 |    10 |    17 |    20 ||    53
       Potion            |       |       |     2 |     2 |     9 ||    13
 Stab: Sleeping          |     2 |     5 |     2 |       |       ||     9
       Held in net/web   |       |     1 |       |       |       ||     1
       Paralysed         |       |       |    11 |    13 |     6 ||    30
  Eat: Chunk             |     1 |     7 |     8 |    13 |    12 ||    41
       Ration            |       |     1 |     4 |     6 |    11 ||    22
Armor: Skin              |    19 |    70 |   109 |   117 |   173 ||   488
Dodge: Dodged            |    67 |   192 |   357 |   416 |   368 ||  1400
       Deflected         |       |       |       |    11 |    20 ||    31
Block: Other             |       |       |    39 |   158 |       ||   197
       Reflection        |       |       |     2 |    27 |    49 ||    78
       Buckler           |       |       |       |   106 |       ||   106
       Shield            |       |       |       |    18 |  1289 ||  1307
       Rpst.: Long sword |    21 |    56 |   109 |    80 |       ||   266
       Scimitar          |       |       |       |    48 |    66 ||   114

Table legend:
 A = Spawn XP
 B = Non-spawn XP
 C = Spawn XP percentage of total XP
 D = Spawn monster count
 E = Non-spawn monster count
 F = Spawn count percentage of total count
 G = Total turns spent on level
                    A         B        C        D         E        F      G
               +---------+---------+-------+---------+---------+-------+---------
         Total |       0 |  146456 |   0.0 |       0 |     816 |   0.0 | 32684
               +---------+---------+-------+---------+---------+-------+---------
           D:1 |       0 |      65 |   0.0 |       0 |      25 |   0.0 |  1366
           D:2 |       0 |     144 |   0.0 |       0 |      36 |   0.0 |  1341
           D:3 |       0 |      88 |   0.0 |       0 |      30 |   0.0 |   861
           D:4 |       0 |     497 |   0.0 |       0 |      16 |   0.0 |  1249
           D:5 |       0 |     285 |   0.0 |       0 |      17 |   0.0 |  1042
           D:6 |       0 |     835 |   0.0 |       0 |      27 |   0.0 |  1200
           D:7 |       0 |     966 |   0.0 |       0 |      17 |   0.0 |  1061
           D:8 |       0 |    3632 |   0.0 |       0 |      41 |   0.0 |  2013
           D:9 |       0 |    5709 |   0.0 |       0 |      44 |   0.0 |  1872
          D:10 |       0 |    3373 |   0.0 |       0 |      17 |   0.0 |  1153
          D:11 |       0 |    7503 |   0.0 |       0 |      41 |   0.0 |  1450
          D:12 |       0 |    5685 |   0.0 |       0 |      29 |   0.0 |  1847
          D:13 |       0 |   11077 |   0.0 |       0 |      40 |   0.0 |  1449
          D:14 |       0 |    5014 |   0.0 |       0 |      19 |   0.0 |  1259
          D:15 |       0 |   20660 |   0.0 |       0 |      50 |   0.0 |  1611
        Lair:1 |       0 |    8123 |   0.0 |       0 |      31 |   0.0 |   872
        Lair:2 |       0 |    6263 |   0.0 |       0 |      21 |   0.0 |  1173
        Lair:3 |       0 |    8678 |   0.0 |       0 |      33 |   0.0 |  1502
        Lair:4 |       0 |    4809 |   0.0 |       0 |      16 |   0.0 |  1038
        Lair:5 |       0 |    2995 |   0.0 |       0 |       6 |   0.0 |  1243
        Lair:6 |       0 |   19956 |   0.0 |       0 |      76 |   0.0 |  1380
      Spider:1 |       0 |    2885 |   0.0 |       0 |       8 |   0.0 |    35
         Orc:1 |       0 |    1771 |   0.0 |       0 |      16 |   0.0 |  1128
         Orc:2 |       0 |   19329 |   0.0 |       0 |     106 |   0.0 |  1758
      Depths:1 |       0 |     607 |   0.0 |       0 |       1 |   0.0 |    18
           Lab |       0 |    1875 |   0.0 |       0 |       4 |   0.0 |   780
       Ossuary |       0 |     378 |   0.0 |       0 |      38 |   0.0 |   340
         IceCv |       0 |    3254 |   0.0 |       0 |      11 |   0.0 |   278
               +---------+---------+-------+---------+---------+-------+---------
